 Dungeon Crawl Stone Soup version 0.25-a0-310-g60f0ac2d9a (webtiles) character file.

Game seed: 5813806225427610668, levelgen mode: classic

295 Borgoz the Covered (level 6, -21/39 HPs)
             Began as a Gargoyle Fighter on Dec 23, 2019.
             Demolished by an ogre
             ... wielding a +0 giant club
              (23 damage)
             ... on level 4 of the Dungeon.
             The game lasted 00:03:43 (2243 turns).

Borgoz the Covered (Gargoyle Fighter)               Turns: 2243, Time: 00:03:43

Health: -21/39     AC: 11    Str: 25    XL:     6   Next: 34%
Magic:  6/6        EV:  8    Int:  8    God:
Gold:   162        SH:  4    Dex: 11    Spells: 5/5 levels left

rFire    . . .     SeeInvis .   a - +1 flail
rCold    . . .     Gourm    .   j - +0 buckler
rNeg     + . .     Faith    .   b - +0 scale mail
rPois    ∞         Spirit   .   (no helmet)
rElec    +         Reflect  .   (no cloak)
rCorr    .         Harm     .   (no gloves)
MR       .....                  (no boots)
Stlth    ..........             (no amulet)
HPRegen  0.13/turn              m - -2 ring of evasion (curse)
MPRegen  0.10/turn              (no ring)

@: mighty
A: negative energy resistance 1, electricity resistance, unbreathing,
petrification resistance, rot immunity, AC +4
a: no special abilities


You were on level 4 of the Dungeon.
You were not hungry.

You visited 1 branch of the dungeon, and saw 4 of its levels.

You collected 162 gold pieces.

Inventory:

Hand Weapons
 a - a +1 flail (weapon)
Armour
 b - a +0 scale mail (worn)
 c - a +0 shield
 j - a +0 buckler (worn)
Jewellery
 m - a cursed -2 ring of evasion (left hand)
Scrolls
 e - a scroll of magic mapping
 h - a scroll of fog
 i - a scroll of remove curse {unknown}
 k - a scroll of blinking {unknown}
 l - 3 scrolls of amnesia
Potions
 g - 3 potions of agility
 o - a potion of mutation {unknown}
Comestibles
 f - 5 rations
 n - 3 chunks of flesh


   Skills:
 * Level 4.6 Fighting
 * Level 3.5 Maces & Flails
 * Level 4.8 Armour
 + Level 1.3 Dodging
 + Level 4.0 Shields


You had 5 spell levels left.
You didn't know any spells.
Your spell library was empty.

Dungeon Overview and Level Annotations

Branches:
Dungeon (4/15)
 Temple: D:4-7

Altars:
Hepliaklqana
The Shining One

Shops:
D:4 (


Innate Abilities, Weirdness & Mutations

You are resistant to torment.
Your stone body is resilient. (AC +4)
You are immune to poison.
You resist negative energy. (rN+)
You are resistant to electric shocks. (rElec)
You can survive without breathing.
You are immune to petrification.
You are immune to rotting.


Message History

The quokka barely misses you. The ogre hits you with a +0 giant club!
* * * LOW HITPOINT WARNING * * *
You barely miss the ogre.
The ogre is moderately wounded.
The quokka bites you.
* * * LOW HITPOINT WARNING * * *
The ogre hits you with a +0 giant club.
* * * LOW HITPOINT WARNING * * *
You sock the ogre!
The ogre is severely wounded.
The quokka bites you.
* * * LOW HITPOINT WARNING * * *
The quokka bites you but does no damage.
The ogre barely misses you.
You thump the ogre!
The ogre is almost dead.
The quokka barely misses you.
The ogre hits you with a +0 giant club!!
Ouch! That really hurt!
You die...

#.................
............##...#
####.........##....#
#.....##............ #
##...#.....÷....##.##
##.#.%.##..........#####
#....#)#.##............#
#.....r.....#........##
#....O@.....#...#....#.
#..............###.....
##...<.........# #..#..
#...........#.## #..#..
.............### #..##.
###...........# #.....
#...........### #####.
##
##............####.....
##.###
#......#..........##


You could see an ogre and a quokka.

Vanquished Creatures
  A scorpion (D:4)
  A bullfrog zombie (D:2)
  An orc wizard (D:4)
  2 worker ants (D:4)
  A hound skeleton (D:4)
  5 adders
  An ooze (D:1)
  2 dart slugs (D:2)
  3 leopard geckos
  2 orcs (D:4)
  A ball python (D:4)
  4 giant cockroaches
  5 goblins
  12 hobgoblins
  4 jackals (D:3)
  6 kobolds
  A quokka (D:4)
  7 bats
  5 frilled lizards
  7 rats
71 creatures vanquished.

Notes
Turn   | Place    | Note
-------+----------+-------------------------------------------
     0 | D:1      | Borgoz the Gargoyle Fighter began the quest for the Orb.
     0 | D:1      | Reached XP level 1. HP: 14/14 MP: 1/1
   138 | D:1      | Reached XP level 2. HP: 13/19 MP: 2/2
   638 | D:1      | Reached XP level 3. HP: 24/24 MP: 3/3
   961 | D:2      | Reached XP level 4. HP: 24/29 MP: 4/4
  1394 | D:2      | Found a glowing golden altar of the Shining One.
  1543 | D:2      | Reached skill level 1 in Dodging
  1706 | D:3      | Reached XP level 5. HP: 33/33 MP: 5/5
  1967 | D:4      | Found Cana's Weapon Shop.
  2046 | D:4      | Found a hazy altar of Hepliaklqana.
  2069 | D:4      | Reached XP level 6. HP: 39/39 MP: 6/6
  2243 | D:4      | Demolished by an ogre

Levels and vault maps discovered:
D:1:      sevenhm_arrival_forest_fort_small_5, layout_basic
D:2:      layout_basic, lemuel_doored_altar, serial_park_tiny_2
D:3:      layout_loops_ring, chequers_serial_rivers_small_b, grunt_ministairs_6,
          nicolae_ashenzari_panopticon, uniq_grinder
D:4:      layout_cave_pools, kennysheep_mini, grunt_temple_overflow_diamond,
          serial_shops, shop, first_ration, minmay_statues_item,
          minmay_crystal_room

Skill      XL: |  1  2  3  4  5 |
---------------+----------------+-----
Armour         | 4 |  4.8
Fighting       | 4 |  4.6
Dodging        | 1 |  1.3
Maces & Flails | 3 |  3.5
Shields        | 4 |  4.0

Action                   |  1- 3 |  4- 6 || total
-------------------------+-------+-------++-------
Melee: Flail             |   105 |   205 ||   310
  Use: Scroll            |     5 |       ||     5
       Potion            |       |     1 ||     1
  Eat: Chunk             |       |     5 ||     5
Armor: Scale mail        |    65 |   150 ||   215
Dodge: Dodged            |    51 |    91 ||   142
Block: Shield            |    20 |       ||    20
       Buckler           |    14 |    57 ||    71

Table legend:
 A = Non-vault XP
 B = Vault XP
 C = Vault XP percentage of total XP
 D = Non-vault monster count
 E = Vault monster count
 F = Vault count percentage of total count
                 A         B        C        D         E       F
            +---------+---------+-------+---------+---------+-------
      Total |     422 |       0 |   0.0 |      71 |       0 |   0.0
            +---------+---------+-------+---------+---------+-------
        D:1 |      47 |       0 |   0.0 |      25 |       0 |   0.0
        D:2 |     117 |       0 |   0.0 |      29 |       0 |   0.0
        D:3 |       8 |       0 |   0.0 |       4 |       0 |   0.0
        D:4 |     250 |       0 |   0.0 |      13 |       0 |   0.0
            +---------+---------+-------+---------+---------+-------
